 Dungeon Crawl Stone Soup version 0.27.1-33-g824d729ab1 (webtiles) character file.

Game seed: 12858376824102678400

21 Descartes the Magician (level 2, 0/15 HPs)
             Began as a Spriggan Wanderer on Dec 9, 2021.
             Slain by a hobgoblin (4 damage)
             ... on level 1 of the Dungeon.
             The game lasted 00:03:39 (1621 turns).

Descartes the Magician (Spriggan Wanderer)          Turns: 1621, Time: 00:03:39

Health: 0/15       AC:  2    Str:  7    XL:     2   Next: 65%
Magic:  8/8        EV: 16    Int: 14    God:
Gold:   0          SH:  0    Dex: 14    Spells: 8/9 levels left

rFire    . . .     SeeInvis +   a - +0 dagger
rCold    . . .     Faith    .   (shield restricted)
rNeg     . . .     Spirit   .   c - +0 robe
rPois    .         Reflect  .   (helmet restricted)
rElec    .         Harm     .   (no cloak)
rCorr    .         Rampage  .   (gloves unavailable)
Will     .....                  (boots unavailable)
Stlth    ++........             (no amulet)
HPRegen  0.05/turn              g - ring of wizardry
MPRegen  0.11/turn              (no ring)

@: very quick
A: very small, no large weapons, unfitting armour, see invisible, speed 3
a: no special abilities


You were on level 1 of the Dungeon.
You visited 1 branch of the dungeon, and saw 1 of its levels.

Inventory:

Hand Weapons
 a - a +0 dagger (weapon)
Missiles
 i - 20 stones
Armour
 c - a +0 robe (worn)
Jewellery
 g - a ring of wizardry (left hand)
Scrolls
 d - a scroll of teleportation
 e - 3 scrolls of identify {unknown}
 f - a scroll of enchant armour {unknown}
Potions
 b - a potion of curing
 h - a potion of might {unknown}


   Skills:
 + Level 1.8 Fighting
 + Level 1.4 Short Blades
 + Level 1.9 Dodging
 + Level 3.5 Stealth
 - Level 1.0 Shields
 + Level 4.1 Spellcasting
 + Level 0.5 Conjurations


You had 8 spell levels left.
You knew the following spells:

 Your Spells              Type           Power      Damage    Failure   Level
a - Magic Dart            Conj           16%        1d3       6%          1

Your spell library contained the following spells:

 Spells                   Type           Power      Damage    Failure   Level
 Blink                    Tloc           N/A        N/A       12%         2
 Call Imp                 Summ           2%         N/A       12%         2
 Slow                     Hex            2%         N/A       12%         2
 Conjure Flame            Conj/Fire      3%         6-21      21%         3
 Mephitic Cloud           Conj/Pois/Air  3%         N/A       21%         3


Dungeon Overview and Level Annotations

Branches:
Dungeon (1/15)

Altars:
Okawaru


Innate Abilities, Weirdness & Mutations

You are very small and have problems with some larger weapons.
You are too small for most types of armour.
You have supernaturally acute eyesight. (SInv)
You cover ground extremely quickly. (Speed+++)


Message History

You kill the quokka!
A hobgoblin comes into view.
You hit the hobgoblin.
The hobgoblin is moderately wounded.
The hobgoblin misses you.
You barely miss the hobgoblin.
The hobgoblin is moderately wounded.
The hobgoblin barely misses you.
You hit the hobgoblin but do no damage.
The hobgoblin is moderately wounded.
The hobgoblin hits you.
You hit the hobgoblin but do no damage.
The hobgoblin is moderately wounded.
The hobgoblin completely misses you.
You closely miss the hobgoblin.
The hobgoblin is moderately wounded.
The hobgoblin hits you.
You are too injured to fight recklessly!
You are too injured to fight recklessly!
You are too injured to fight recklessly!
You are too injured to fight recklessly!
You are too injured to fight recklessly!
You are too injured to fight recklessly!
You are too injured to fight recklessly!
You hit the hobgoblin but do no damage.
The hobgoblin is moderately wounded.
The hobgoblin hits you.
You closely miss the hobgoblin. The hobgoblin completely misses you.
You hit the hobgoblin but do no damage. The hobgoblin closely misses you.
You hit the hobgoblin but do no damage. The hobgoblin completely misses you.
You closely miss the hobgoblin. The hobgoblin barely misses you.
You closely miss the hobgoblin. You hit the hobgoblin.
The hobgoblin is heavily wounded.
The hobgoblin hits you.
* * * LOW HITPOINT WARNING * * *
You hit the hobgoblin but do no damage.
The hobgoblin is heavily wounded.
The hobgoblin hits you.
You die...

#......# #.#.##.#
###.#.##.########
#................
.#.#......########
........#.#
.#.#...##.#
#.#......#
##.@#### #....g#
####... .....
....... .........
+.........+
#.........#


You could see a hobgoblin.

Vanquished Creatures
  A dart slug (D:1)
  2 ball pythons (D:1)
  4 endoplasms (D:1)
  A giant cockroach (D:1)
  A goblin (D:1)
  A hobgoblin (D:1)
  A quokka (D:1)
  2 bats (D:1)
  A frilled lizard (D:1)
  A kobold (D:1)
  2 rats (D:1)
17 creatures vanquished.

Notes
Turn   | Place    | Note
-------+----------+-------------------------------------------
     0 | D:1      | Descartes the Spriggan Wanderer began the quest for the
                  | Orb.
     0 | D:1      | Descartes set off with the following items: a +0 dagger, a
                  | potion of curing, a +0 robe, a scroll of teleportation; and
                  | the following spell memorised: Magic Dart; and the
                  | following spells available to memorise: Blink, Call Imp,
                  | Slow, Conjure Flame, Mephitic Cloud
     0 | D:1      | Reached XP level 1. HP: 10/10 MP: 6/6
   385 | D:1      | Reached XP level 2. HP: 6/15 MP: 8/8
  1162 | D:1      | Found a faded altar of an unknown god.
  1207 | D:1      | Became a worshipper of Warmaster Okawaru
  1207 | D:1      | Reached * piety under Okawaru
  1208 | D:1      | Fell from the grace of Okawaru
  1621 | D:1      | Slain by a hobgoblin

Illustrated notes

Levels and vault maps discovered:
D:1:      kennysheep_arrival_seaside, layout_loops_corners,
          chequers_ecumenical_altar_twisty, minivault_19

Action                   || total
-------------------------++-------
Melee: Dagger            ||    72
 Cast: Magic Dart        ||    19
Invok: Renounce Religion ||     1
 Stab: Sleeping          ||     6
Armor: Robe              ||    15
Dodge: Dodged            ||    60
